WCHLSIM.com - West Coast Hockey League
html PUBLIC "-//W3C//DTD XHTML 1.0 Transitional//EN" "http://www.w3.org/TR/xhtml1/DTD/xhtml1-transitional.dtd"> WCHL - Game 326 - LAS VEGAS LIZARD KINGS vs SAN JOSE BRONCOS

LAS VEGAS LIZARD KINGS vs SAN JOSE BRONCOS

Created - 21 novembre 2019 at 17:55

Goals
1 2 3 T
LAS VEGAS LIZARD KINGS 1 1 0 2
SAN JOSE BRONCOS 0 0 0 0
Shots
1 2 3 T
LAS VEGAS LIZARD KINGS 11 5 10 26
SAN JOSE BRONCOS 5 9 5 19

1st period

1. LAS VEGAS LIZARD KINGS , Sean Monahan 14 (Johnny Gaudreau 15) at 16:00

Penalties :
Neal Pionk (SJO) for Interference (Minor) at 17:52

2nd period

2. LAS VEGAS LIZARD KINGS , Sean Monahan 15 (Nino Niederreiter 10, Johnny Gaudreau 16) at 12:23

Penalties :
Nick Jensen (LVG) for Holding (Minor) at 0:37, Brayden McNabb (LVG) for Holding (Minor) at 16:17

3rd period

No Goal

Penalties :
Dustin Brown (SJO) for Hooking (Minor) at 7:06

Goalie Stats

Marc-Andre Fleury (LVG), 19 saves from 19 shots - (1,000), W, 15-3-0, 60:00 minutes
Jacob Markstrom (SJO), 24 saves from 26 shots - (0,923), L, 11-6-2, 60:00 minutes

Players Stats for LAS VEGAS LIZARD KINGS

Player Name              G  A  P  +/- PIM S  H  SB GA TA FO     MP     PP MP  PK MP  
------------------------------------------------------------------------------------
Alex Petrovic            0  0  0   1  0   0  1  3  0  0  0/0    18:30   0:58   1:35 
Barclay Goodrow          0  0  0   0  0   0  3  0  0  0  1/2    18:37   0:00   0:25 
Bobby Ryan               0  0  0   0  0   2  1  0  0  0  0/0    17:42   1:34   0:00 
Brayden McNabb           0  0  0   0  2   0  4  1  0  0  0/0    22:31   1:57   1:02 
Brent Burns              0  0  0   0  0   2  0  2  0  0  0/0    23:51   2:01   2:36 
Derek Ryan               0  0  0   0  0   4  0  1  0  0  9/21   17:42   1:34   2:10 
Evan Rodrigues           0  0  0   0  0   1  0  0  0  0  0/3     7:11   0:00   0:00 
Garrett Wilson           0  0  0   0  0   0  0  0  0  0  0/0     0:00   0:00   0:00 
Jason Pominville         0  0  0   0  0   0  0  0  0  0  0/0     7:27   0:00   0:00 
Joel Armia               0  0  0   0  0   2  1  0  0  0  0/0    19:11   0:00   3:04 
Johnny Gaudreau          0  2  2   2  0   2  3  0  0  0  0/0    18:32   2:24   0:00 
Keegan Lowe              0  0  0   1  0   0  0  0  0  0  0/0    13:32   0:00   0:20 
Matt Niskanen            0  0  0   1  0   0  2  3  0  0  0/0    24:40   0:00   1:17 
Mike Ferland             0  0  0   0  0   2  1  0  0  0  1/2    15:32   1:34   0:00 
Nick Jensen              0  0  0   1  2   1  0  1  0  0  0/0    13:29   0:59   1:06 
Nino Niederreiter        0  1  1   2  0   2  1  1  0  0  1/1    19:58   2:24   1:26 
Ryan Nugent-Hopkins      0  0  0   0  0   2  0  0  0  0  2/8    18:30   2:01   0:22 
Sean Monahan             2  0  2   2  0   6  1  0  0  0  4/21   19:05   2:24   0:29 

Players Stats for SAN JOSE BRONCOS

Player Name              G  A  P  +/- PIM S  H  SB GA TA FO     MP     PP MP  PK MP  
------------------------------------------------------------------------------------
Adam Pelech              0  0  0  -2  0   0  3  0  0  0  0/0    17:07   0:00   1:07 
Alexander Radulov        0  0  0  -1  0   3  0  0  0  0  0/0    19:28   1:43   0:00 
Anthony Beauvillier      0  0  0   0  0   2  0  0  0  0  0/0    10:54   0:00   0:00 
Brady Skjei              0  0  0   0  0   0  0  1  0  0  0/0    21:10   1:43   2:15 
Carter Rowney            0  0  0   0  0   0  0  0  0  0  0/1     8:37   0:00   0:00 
Chris Wagner             0  0  0   0  0   0  0  0  0  0  0/0    10:54   0:00   0:00 
Cody Eakin               0  0  0   0  0   1  0  0  0  0  6/7    10:54   0:00   0:00 
Colton Sissons           0  0  0   0  0   1  0  0  0  0  0/0     9:53   0:00   1:16 
Dustin Brown             0  0  0  -1  2   2  1  0  0  0  1/1    19:59   2:15   0:00 
Evgeni Malkin            0  0  0  -1  0   1  0  0  0  0  15/19  19:28   1:43   0:00 
Jaccob Slavin            0  0  0   0  0   0  2  1  0  0  0/0    22:30   1:43   1:55 
Jared Spurgeon           0  0  0   0  0   0  0  0  0  0  0/0    21:07   2:15   0:00 
Marco Scandella          0  0  0  -2  0   0  0  0  0  0  0/0    18:03   0:00   2:03 
Mikko Koivu              0  0  0  -1  0   1  1  0  0  0  10/14  18:19   2:15   1:16 
Neal Pionk               0  0  0   0  2   1  0  1  0  0  0/0    20:02   2:15   0:36 
Nick Bonino              0  0  0   0  0   0  0  0  0  0  6/13   11:19   0:00   2:42 
Oliver Bjorkstrand       0  0  0  -1  0   2  0  0  0  0  2/3    17:03   2:15   0:00 
Zach Parise              0  0  0  -1  0   5  0  0  0  0  0/0    19:13   1:43   2:42 

3 Stars

1 - Sean Monahan (LVG)
2 - Marc-Andre Fleury (LVG)
3 - Johnny Gaudreau (LVG)

Power Play

LAS VEGAS LIZARD KINGS - 0 on 2 Attempt(s) - 0,00%
SAN JOSE BRONCOS - 0 on 2 Attempt(s) - 0,00%

Penalty Kill

LAS VEGAS LIZARD KINGS - 2 on 2 Attempt(s) - 100,00% - Score 0 goal in Penalty Kill
SAN JOSE BRONCOS - 2 on 2 Attempt(s) - 100,00% - Score 0 goal in Penalty Kill

Team Stat

LAS VEGAS LIZARD KINGS - Hits : 18 - Faceoff Wins : 18 - Blocked Shots : 12 - Penalty Minutes : 4
SAN JOSE BRONCOS - Hits : 7 - Faceoff Wins : 40 - Blocked Shots : 3 - Penalty Minutes : 4

Official

Referees : Ryan Hersey and Graham Skiliter
Linesman : Don Jablonski and David Brisebois

Game Notes

Nick Jensen is injured at 17:23 of 2nd period (Sprained Right Knee)

Finance

Level 1 -- Attendance: 6000 (100,00%) -- Ticket Income 762 000 $
Level 2 -- Attendance: 4805 (96,10%) -- Ticket Income 369 985 $
Level 3 -- Attendance: 1804 (90,20%) -- Ticket Income 113 652 $
Level 4 -- Attendance: 4000 (100,00%) -- Ticket Income 112 000 $
Luxury Box -- Attendance: 957 (95,70%) -- Ticket Income 217 239 $
Total Attendance: 17566 (97,59%)
Total Ticket Income: 1 574 876 $
Other Income: 472 463 $
Total Income: 2 047 339 $

LAS VEGAS LIZARD KINGS

5 vs 5 Forward 
   Center                   Left Wing                Right Wing               Time % Phy DF OF 
 1 Sean Monahan             Johnny Gaudreau          Nino Niederreiter        32     0   2  3  
 2 Ryan Nugent-Hopkins      Bobby Ryan               Joel Armia               31     0   2  3  
 3 Derek Ryan               Barclay Goodrow          Mike Ferland             30     0   2  3  
 4 Evan Rodrigues           Barclay Goodrow          Jason Pominville         7      0   3  2  

5 vs 5 Defense 
   Defense                  Defense                                           Time % Phy DF OF 
 1 Brent Burns              Brayden McNabb                                    43     0   2  3  
 2 Matt Niskanen            Nick Jensen                                       42     0   2  3  
 3 Alex Petrovic            Keegan Lowe                                       15     0   5  0  
 4 Brent Burns              Matt Niskanen                                     0      0   1  4  

PowerPlay Forward 
   Center                   Left Wing                Right Wing               Time % Phy DF OF 
 1 Sean Monahan             Johnny Gaudreau          Nino Niederreiter        70     0   0  5  
 2 Derek Ryan               Bobby Ryan               Mike Ferland             30     0   0  5  

PowerPlay Defense
   Defense                  Defense                                           Time % Phy DF OF 
 1 Brent Burns              Ryan Nugent-Hopkins                               70     0   0  5  
 2 Brayden McNabb           Nick Jensen                                       30     0   0  5  

Penalty Kill 4 Players Forward 
   Center                   Wing                     Time % Phy DF OF 
 1 Derek Ryan               Joel Armia               65     0   5  0  
 2 Barclay Goodrow          Ryan Nugent-Hopkins      35     0   5  0  

Penalty Kill 4 Players Defense
   Defense                  Defense                  Time % Phy DF OF 
 1 Brayden McNabb           Nick Jensen              75     0   5  0  
 2 Brent Burns              Matt Niskanen            25     0   5  0  

Penalty Kill - 3 Players Forward 
   Forward                                           Time % Phy DF OF 
 1 Derek Ryan                                        55     0   5  0  
 2 Barclay Goodrow                                   45     0   5  0  

Penalty Kill - 3 Players Defense
   Defense                  Defense                  Time % Phy DF OF 
 1 Alex Petrovic            Keegan Lowe              50     0   5  0  
 2 Brayden McNabb           Nick Jensen              50     0   5  0  

4 vs 4 Forward 
   Center                   Wing                     Time % Phy DF OF 
 1 Ryan Nugent-Hopkins      Johnny Gaudreau          55     1   2  2  
 2 Sean Monahan             Bobby Ryan               45     1   2  2  

4 vs 4 Defense
   Defense                  Defense                  Time % Phy DF OF 
 1 Brent Burns              Matt Niskanen            55     1   2  2  
 2 Brayden McNabb           Nick Jensen              45     1   2  2  

Last Minutes Offensive
   Center                   Left Wing                Right Wing               Defense                  Defense                  
   Sean Monahan             Johnny Gaudreau          Nino Niederreiter        Brent Burns              Matt Niskanen            

Last Minutes Defensive
   Center                   Left Wing                Right Wing               Defense                  Defense                  
   Ryan Nugent-Hopkins      Barclay Goodrow          Joel Armia               Brent Burns              Matt Niskanen            

Goaltenders
Starting : Marc-Andre Fleury        
Backup : Curtis McElhinney        

Extra Forwards
Normal : Mike Ferland, Jason Pominville, Evan Rodrigues - PP : Mike Ferland, Jason Pominville - PK : Nino Niederreiter
Extra Defensemen
Normal : Nick Jensen, Brayden McNabb, Alex Petrovic - PP : Nick Jensen - PK : Alex Petrovic, Brayden McNabb
Penalty Shots
Johnny Gaudreau, Ryan Nugent-Hopkins, Sean Monahan, Nino Niederreiter, Mike Ferland
Custom OT Lines Forwards
Johnny Gaudreau, Ryan Nugent-Hopkins, Sean Monahan, Nino Niederreiter, Bobby Ryan, Joel Armia, Mike Ferland, Derek Ryan, Jason Pominville, Barclay Goodrow
Custom OT Lines Defensemen
Brent Burns, Matt Niskanen, Brayden McNabb, Nick Jensen, Alex Petrovic

Scratches
Givani Smith (Healthy), Beck Malenstyn (Healthy), Olli Juolevi (Healthy), Henrik Samuelsson (Healthy), Jaycob Megna (Fractured Bone in Left Hand Injury)
Mark Pysyk (Healthy), Nick Moutrey (Healthy), Skyler McKenzie (Healthy), Spencer Smallman (Healthy), Ty Dellandrea (Healthy)

SAN JOSE BRONCOS

5 vs 5 Forward 
   Center                   Left Wing                Right Wing               Time % Phy DF OF 
 1 Evgeni Malkin            Dustin Brown             Alexander Radulov        35     1   2  2  
 2 Mikko Koivu              Oliver Bjorkstrand       Zach Parise              30     1   2  2  
 3 Cody Eakin               Anthony Beauvillier      Chris Wagner             20     1   2  2  
 4 Nick Bonino              Colton Sissons           Carter Rowney            15     1   2  2  

5 vs 5 Defense 
   Defense                  Defense                                           Time % Phy DF OF 
 1 Jared Spurgeon           Jaccob Slavin                                     36     1   2  2  
 2 Neal Pionk               Brady Skjei                                       31     1   2  2  
 3 Adam Pelech              Marco Scandella                                   23     1   2  2  
 4 Adam Pelech              Marco Scandella                                   10     1   2  2  

PowerPlay Forward 
   Center                   Left Wing                Right Wing               Time % Phy DF OF 
 1 Evgeni Malkin            Zach Parise              Alexander Radulov        55     1   2  2  
 2 Mikko Koivu              Dustin Brown             Oliver Bjorkstrand       45     1   2  2  

PowerPlay Defense
   Defense                  Defense                                           Time % Phy DF OF 
 1 Jared Spurgeon           Neal Pionk                                        55     1   2  2  
 2 Jaccob Slavin            Brady Skjei                                       45     1   2  2  

Penalty Kill 4 Players Forward 
   Center                   Wing                     Time % Phy DF OF 
 1 Nick Bonino              Zach Parise              55     1   2  2  
 2 Mikko Koivu              Colton Sissons           45     1   2  2  

Penalty Kill 4 Players Defense
   Defense                  Defense                  Time % Phy DF OF 
 1 Marco Scandella          Neal Pionk               55     1   2  2  
 2 Jaccob Slavin            Brady Skjei              45     1   2  2  

Penalty Kill - 3 Players Forward 
   Forward                                           Time % Phy DF OF 
 1 Mikko Koivu                                       55     1   2  2  
 2 Alexander Radulov                                 45     1   2  2  

Penalty Kill - 3 Players Defense
   Defense                  Defense                  Time % Phy DF OF 
 1 Jaccob Slavin            Brady Skjei              50     1   2  2  
 2 Neal Pionk               Marco Scandella          50     1   2  2  

4 vs 4 Forward 
   Center                   Wing                     Time % Phy DF OF 
 1 Nick Bonino              Zach Parise              50     1   2  2  
 2 Mikko Koivu              Oliver Bjorkstrand       50     1   2  2  

4 vs 4 Defense
   Defense                  Defense                  Time % Phy DF OF 
 1 Brady Skjei              Adam Pelech              50     1   2  2  
 2 Neal Pionk               Marco Scandella          50     1   2  2  

Last Minutes Offensive
   Center                   Left Wing                Right Wing               Defense                  Defense                  
   Evgeni Malkin            Zach Parise              Alexander Radulov        Jared Spurgeon           Jaccob Slavin            

Last Minutes Defensive
   Center                   Left Wing                Right Wing               Defense                  Defense                  
   Mikko Koivu              Zach Parise              Alexander Radulov        Jared Spurgeon           Jaccob Slavin            

Goaltenders
Starting : Jacob Markstrom          
Backup : Petr Mrazek              

Extra Forwards
Normal : Cody Eakin, Oliver Bjorkstrand, Zach Parise - PP : Oliver Bjorkstrand, Mikko Koivu - PK : Carter Rowney
Extra Defensemen
Normal : Marco Scandella, Neal Pionk, Adam Pelech - PP : Adam Pelech - PK : Brady Skjei, Neal Pionk
Penalty Shots
Evgeni Malkin, Alexander Radulov, Zach Parise, Dustin Brown, Mikko Koivu
Custom OT Lines Forwards
Evgeni Malkin, Alexander Radulov, Mikko Koivu, Zach Parise, Cody Eakin, Dustin Brown, Colton Sissons, Oliver Bjorkstrand, Nick Bonino, Carter Rowney
Custom OT Lines Defensemen
Jared Spurgeon, Jaccob Slavin, Neal Pionk, Brady Skjei, Adam Pelech

Scratches
Gabriel Vilardi (Healthy), Eemeli Rasanen (Healthy), Jesper Bratt (Left Eye Injury), Nikita Popugaev (Healthy), Nolan Stevens (Healthy)
Sam Bennett (Healthy), Rem Pitlick (Healthy), Zach Fischer (Healthy), Alexandar Georgiev (Healthy)

% Time on Ice - LAS VEGAS LIZARD KINGS

Lines # - Real PCT - Wanted PCT - Time Play
Normal Forward
1 - 31% - 32% - 16:08
2 - 31% - 31% - 16:07
3 - 27% - 30% - 13:58
4 - 11% - 7% - 5:51
Normal Defense
1 - 28% - 43% - 14:34
2 - 45% - 42% - 23:16
3 - 25% - 15% - 13:12
4 - 2% - 0% - 1:02
PP Forward
1 - 61% - 70% - 2:24
2 - 39% - 30% - 1:34
PP Defense
1 - 51% - 70% - 2:01
2 - 49% - 30% - 1:57
PK Forward
1 - 91% - 65% - 3:36
2 - 9% - 35% - 0:22
PK Defense
1 - 76% - 75% - 3:01
2 - 24% - 25% - 0:57
PK3 Forward
1 - 0% - 55%
2 - 0% - 45%
PK3 Defense
1 - 0% - 50%
2 - 0% - 50%
44 Forward
1 - 0% - 55%
2 - 0% - 45%
44 Defense
1 - 0% - 55%
2 - 0% - 45%
Last Minute Offensive  - 0:00
Last Minute Defensive  - 0:00
Total
Forward - 60:00
Defense - 60:00

% Time on Ice - SAN JOSE BRONCOS

Lines # - Real PCT - Wanted PCT - Time Play
Normal Forward
1 - 34% - 35% - 17:45
2 - 28% - 30% - 14:48
3 - 21% - 20% - 10:54
4 - 17% - 15% - 8:37
Normal Defense
1 - 36% - 36% - 18:52
2 - 33% - 31% - 17:12
3 - 22% - 23% - 11:30
4 - 9% - 10% - 4:30
PP Forward
1 - 43% - 55% - 1:43
2 - 57% - 45% - 2:15
PP Defense
1 - 57% - 55% - 2:15
2 - 43% - 45% - 1:43
PK Forward
1 - 68% - 55% - 2:42
2 - 32% - 45% - 1:16
PK Defense
1 - 52% - 55% - 2:03
2 - 48% - 45% - 1:55
PK3 Forward
1 - 0% - 55%
2 - 0% - 45%
PK3 Defense
1 - 0% - 50%
2 - 0% - 50%
44 Forward
1 - 0% - 50%
2 - 0% - 50%
44 Defense
1 - 0% - 50%
2 - 0% - 50%
Last Minute Offensive  - 0:00
Last Minute Defensive  - 0:00
Total
Forward - 60:00
Defense - 60:00

Play-by-Play

1st period


0:01 of 1st period - Evgeni Malkin wins face-off versus Sean Monahan in neutral zone.
0:34 of 1st period - Icing by Johnny Gaudreau.
0:35 of 1st period - Mikko Koivu wins face-off versus Sean Monahan in LAS VEGAS LIZARD KINGS zone.
1:14 of 1st period - Shot by Mikko Koivu.
1:14 of 1st period - Shot Misses the Net.
2:21 of 1st period - Ryan Nugent-Hopkins is hit by Jaccob Slavin and loses puck.
3:15 of 1st period - Colton Sissons is hit by Alex Petrovic and loses puck.
4:00 of 1st period - Shot by Evan Rodrigues.
4:00 of 1st period - Stopped by Jacob Markstrom with a rebound.
5:09 of 1st period - Shot by Alexander Radulov.
5:09 of 1st period - Stopped by Marc-Andre Fleury without a rebound.
5:10 of 1st period - Mikko Koivu wins face-off versus Derek Ryan in LAS VEGAS LIZARD KINGS zone.
6:11 of 1st period - Shot by Evgeni Malkin.
6:11 of 1st period - Shot Misses the Net.
6:13 of 1st period - Shot by Dustin Brown.
6:13 of 1st period - Shot Blocked by Matt Niskanen.
6:15 of 1st period - Shot by Brady Skjei.
6:15 of 1st period - Shot Blocked by Matt Niskanen.
6:17 of 1st period - Shot by Alexander Radulov.
6:17 of 1st period - Shot Misses the Net.
6:19 of 1st period - Shot by Brady Skjei.
6:19 of 1st period - Shot Blocked by Derek Ryan.
7:13 of 1st period - Shot by Ryan Nugent-Hopkins.
7:13 of 1st period - Shot Blocked by Brady Skjei.
7:41 of 1st period - Icing by Neal Pionk.
7:42 of 1st period - Evgeni Malkin wins face-off versus Sean Monahan in SAN JOSE BRONCOS zone.
8:47 of 1st period - Brent Burns is hit by Dustin Brown and loses puck.
9:36 of 1st period - Shot by Mikko Koivu.
9:36 of 1st period - Deflect By Zach Parise.
9:36 of 1st period - Shot Blocked by Brayden McNabb.
10:38 of 1st period - Off-side.
10:39 of 1st period - Sean Monahan wins face-off versus Carter Rowney in neutral zone.
11:08 of 1st period - Colton Sissons is hit by Johnny Gaudreau and loses puck.
11:48 of 1st period - Shot by Zach Parise.
11:48 of 1st period - Stopped by Marc-Andre Fleury without a rebound.
11:49 of 1st period - Cody Eakin wins face-off versus Derek Ryan in LAS VEGAS LIZARD KINGS zone.
11:55 of 1st period - Icing by Derek Ryan.
11:56 of 1st period - Mikko Koivu wins face-off versus Barclay Goodrow in LAS VEGAS LIZARD KINGS zone.
13:50 of 1st period - Shot by Sean Monahan.
13:50 of 1st period - Shot Misses the Net.
13:52 of 1st period - Shot by Nick Jensen.
13:52 of 1st period - Stopped by Jacob Markstrom without a rebound.
13:53 of 1st period - Evgeni Malkin wins face-off versus Evan Rodrigues in SAN JOSE BRONCOS zone.
14:02 of 1st period - Shot by Alexander Radulov.
14:02 of 1st period - Stopped by Marc-Andre Fleury without a rebound.
14:03 of 1st period - Evgeni Malkin wins face-off versus Sean Monahan in LAS VEGAS LIZARD KINGS zone.
14:08 of 1st period - Shot by Evgeni Malkin.
14:08 of 1st period - Stopped by Marc-Andre Fleury with a rebound.
14:14 of 1st period - Brady Skjei is hit by Sean Monahan and loses puck.
14:19 of 1st period - Shot by Johnny Gaudreau.
14:19 of 1st period - Stopped by Jacob Markstrom without a rebound.
14:20 of 1st period - Derek Ryan wins face-off versus Nick Bonino in SAN JOSE BRONCOS zone.
14:25 of 1st period - Shot by Barclay Goodrow.
14:25 of 1st period - Shot Misses the Net.
14:30 of 1st period - Neal Pionk is hit by Barclay Goodrow and loses puck.
14:45 of 1st period - Shot by Nick Bonino.
14:45 of 1st period - Shot Misses the Net.
15:35 of 1st period - Shot by Ryan Nugent-Hopkins.
15:35 of 1st period - Stopped by Jacob Markstrom with a rebound.
15:37 of 1st period - Shot by Bobby Ryan.
15:37 of 1st period - Shot Misses the Net.
15:39 of 1st period - Shot by Bobby Ryan.
15:39 of 1st period - Stopped by Jacob Markstrom without a rebound.
15:40 of 1st period - Oliver Bjorkstrand wins face-off versus Sean Monahan in SAN JOSE BRONCOS zone.
15:40 of 1st period - Oliver Bjorkstrand is hit by Johnny Gaudreau.
15:58 of 1st period - Shot by Johnny Gaudreau.
15:58 of 1st period - Stopped by Jacob Markstrom with a rebound.
16:00 of 1st period - Shot by Sean Monahan.
16:00 of 1st period - Goal by Sean Monahan - LAS VEGAS LIZARD KINGS : 1 - SAN JOSE BRONCOS : 0.
16:01 of 1st period - Dustin Brown wins face-off versus Ryan Nugent-Hopkins in neutral zone.
16:12 of 1st period - Shot by Evgeni Malkin.
16:12 of 1st period - Shot Misses the Net.
17:37 of 1st period - Shot by Zach Parise.
17:37 of 1st period - Stopped by Marc-Andre Fleury without a rebound.
17:38 of 1st period - Cody Eakin wins face-off versus Sean Monahan in LAS VEGAS LIZARD KINGS zone.
17:39 of 1st period - Shot by Anthony Beauvillier.
17:39 of 1st period - Shot Misses the Net.
17:52 of 1st period - Minor Penalty to Neal Pionk for Interference.
17:53 of 1st period - Nick Bonino wins face-off versus Sean Monahan in SAN JOSE BRONCOS zone.
18:10 of 1st period - Shot by Sean Monahan.
18:10 of 1st period - Stopped by Jacob Markstrom with a rebound.
18:39 of 1st period - Icing by Nick Jensen.
18:40 of 1st period - Sean Monahan wins face-off versus Nick Bonino in LAS VEGAS LIZARD KINGS zone.
19:18 of 1st period - Shot by Derek Ryan.
19:18 of 1st period - Stopped by Jacob Markstrom with a rebound.
19:20 of 1st period - Shot by Mike Ferland.
19:20 of 1st period - Stopped by Jacob Markstrom with a rebound.
19:22 of 1st period - Shot by Derek Ryan.
19:22 of 1st period - Shot Misses the Net.
19:24 of 1st period - Shot by Derek Ryan.
19:24 of 1st period - Stopped by Jacob Markstrom without a rebound.
19:25 of 1st period - Nick Bonino wins face-off versus Sean Monahan in SAN JOSE BRONCOS zone.
19:25 of 1st period - Nick Bonino is hit by Johnny Gaudreau.
Goals for this period are 1 for LAS VEGAS LIZARD KINGS vs 0 for SAN JOSE BRONCOS.
Shots for this period are 11 for LAS VEGAS LIZARD KINGS vs 5 for SAN JOSE BRONCOS.

2nd period


0:01 of 2nd period - Derek Ryan wins face-off versus Evgeni Malkin in neutral zone.
0:37 of 2nd period - Minor Penalty to Nick Jensen for Holding.
0:38 of 2nd period - Mikko Koivu wins face-off versus Derek Ryan in LAS VEGAS LIZARD KINGS zone.
0:39 of 2nd period - Shot by Dustin Brown.
0:39 of 2nd period - Shot Misses the Net.
0:41 of 2nd period - Shot by Neal Pionk.
0:41 of 2nd period - Stopped by Marc-Andre Fleury without a rebound.
0:42 of 2nd period - Mikko Koivu wins face-off versus Derek Ryan in LAS VEGAS LIZARD KINGS zone.
1:03 of 2nd period - Shot by Dustin Brown.
1:03 of 2nd period - Shot Misses the Net.
1:09 of 2nd period - Shot by Jared Spurgeon.
1:09 of 2nd period - Deflect By Mikko Koivu.
1:09 of 2nd period - Shot Blocked by Alex Petrovic.
1:11 of 2nd period - Shot by Jared Spurgeon.
1:11 of 2nd period - Shot Misses the Net.
1:13 of 2nd period - Shot by Neal Pionk.
1:13 of 2nd period - Shot Misses the Net.
1:15 of 2nd period - Shot by Mikko Koivu.
1:15 of 2nd period - Shot Misses the Net.
1:58 of 2nd period - Icing by Evgeni Malkin.
1:59 of 2nd period - Nino Niederreiter wins face-off versus Evgeni Malkin in SAN JOSE BRONCOS zone.
2:15 of 2nd period - Shot by Nino Niederreiter.
2:15 of 2nd period - Stopped by Jacob Markstrom with a rebound.
2:17 of 2nd period - Shot by Joel Armia.
2:17 of 2nd period - Stopped by Jacob Markstrom with a rebound.
2:19 of 2nd period - Shot by Joel Armia.
2:19 of 2nd period - Shot Blocked by Jaccob Slavin.
2:21 of 2nd period - Shot by Matt Niskanen.
2:21 of 2nd period - Shot Misses the Net.
2:49 of 2nd period - Shot by Anthony Beauvillier.
2:49 of 2nd period - Stopped by Marc-Andre Fleury with a rebound.
2:51 of 2nd period - Shot by Chris Wagner.
2:51 of 2nd period - Shot Misses the Net.
2:53 of 2nd period - Shot by Anthony Beauvillier.
2:53 of 2nd period - Stopped by Marc-Andre Fleury with a rebound.
2:55 of 2nd period - Shot by Cody Eakin.
2:55 of 2nd period - Deflect By Anthony Beauvillier.
2:55 of 2nd period - Shot Blocked by Matt Niskanen.
4:01 of 2nd period - Icing by Nick Jensen.
4:02 of 2nd period - Mikko Koivu wins face-off versus Evan Rodrigues in LAS VEGAS LIZARD KINGS zone.
4:02 of 2nd period - Mikko Koivu is hit by Matt Niskanen.
4:36 of 2nd period - Shot by Sean Monahan.
4:36 of 2nd period - Shot Misses the Net.
5:00 of 2nd period - Shot by Nino Niederreiter.
5:00 of 2nd period - Shot Misses the Net.
5:11 of 2nd period - Off-side.
5:12 of 2nd period - Cody Eakin wins face-off versus Ryan Nugent-Hopkins in neutral zone.
5:23 of 2nd period - Shot by Cody Eakin.
5:23 of 2nd period - Stopped by Marc-Andre Fleury without a rebound.
5:24 of 2nd period - Evgeni Malkin wins face-off versus Ryan Nugent-Hopkins in LAS VEGAS LIZARD KINGS zone.
6:43 of 2nd period - Shot by Sean Monahan.
6:43 of 2nd period - Stopped by Jacob Markstrom without a rebound.
6:44 of 2nd period - Derek Ryan wins face-off versus Mikko Koivu in SAN JOSE BRONCOS zone.
7:21 of 2nd period - Shot by Mikko Koivu.
7:21 of 2nd period - Stopped by Marc-Andre Fleury without a rebound.
7:22 of 2nd period - Evgeni Malkin wins face-off versus Sean Monahan in LAS VEGAS LIZARD KINGS zone.
7:25 of 2nd period - Shot by Evgeni Malkin.
7:25 of 2nd period - Shot Misses the Net.
9:09 of 2nd period - Shot by Ryan Nugent-Hopkins.
9:09 of 2nd period - Shot Misses the Net.
9:17 of 2nd period - Shot by Bobby Ryan.
9:17 of 2nd period - Stopped by Jacob Markstrom with a rebound.
9:47 of 2nd period - Shot by Mikko Koivu.
9:47 of 2nd period - Shot Misses the Net.
9:59 of 2nd period - Shot by Oliver Bjorkstrand.
9:59 of 2nd period - Shot Blocked by Alex Petrovic.
10:01 of 2nd period - Shot by Mikko Koivu.
10:01 of 2nd period - Shot Misses the Net.
10:17 of 2nd period - Shot by Zach Parise.
10:17 of 2nd period - Shot Misses the Net.
10:19 of 2nd period - Shot by Zach Parise.
10:19 of 2nd period - Shot Misses the Net.
10:21 of 2nd period - Shot by Oliver Bjorkstrand.
10:21 of 2nd period - Shot Misses the Net.
10:23 of 2nd period - Shot by Oliver Bjorkstrand.
10:23 of 2nd period - Stopped by Marc-Andre Fleury without a rebound.
10:24 of 2nd period - Sean Monahan wins face-off versus Evgeni Malkin in LAS VEGAS LIZARD KINGS zone.
10:35 of 2nd period - Shot by Alexander Radulov.
10:35 of 2nd period - Stopped by Marc-Andre Fleury without a rebound.
10:36 of 2nd period - Nick Bonino wins face-off versus Ryan Nugent-Hopkins in LAS VEGAS LIZARD KINGS zone.
10:54 of 2nd period - Icing by Ryan Nugent-Hopkins.
10:55 of 2nd period - Evgeni Malkin wins face-off versus Ryan Nugent-Hopkins in LAS VEGAS LIZARD KINGS zone.
10:55 of 2nd period - Evgeni Malkin is hit by Brayden McNabb.
10:59 of 2nd period - Shot by Alexander Radulov.
10:59 of 2nd period - Shot Misses the Net.
11:12 of 2nd period - Alexander Radulov is hit by Brayden McNabb and loses puck.
12:19 of 2nd period - Shot by Nino Niederreiter.
12:19 of 2nd period - Shot Misses the Net.
12:23 of 2nd period - Shot by Sean Monahan.
12:23 of 2nd period - Goal by Sean Monahan - LAS VEGAS LIZARD KINGS : 2 - SAN JOSE BRONCOS : 0.
12:24 of 2nd period - Oliver Bjorkstrand wins face-off versus Derek Ryan in neutral zone.
12:24 of 2nd period - Oliver Bjorkstrand is hit by Barclay Goodrow.
12:35 of 2nd period - Off-side.
12:36 of 2nd period - Cody Eakin wins face-off versus Evan Rodrigues in neutral zone.
12:56 of 2nd period - Evan Rodrigues is hit by Jaccob Slavin and loses puck.
14:14 of 2nd period - Mikko Koivu is hit by Matt Niskanen and loses puck.
14:48 of 2nd period - Icing by Alex Petrovic.
14:49 of 2nd period - Evgeni Malkin wins face-off versus Sean Monahan in LAS VEGAS LIZARD KINGS zone.
15:12 of 2nd period - Shot by Evgeni Malkin.
15:12 of 2nd period - Shot Misses the Net.
15:30 of 2nd period - Shot by Dustin Brown.
15:30 of 2nd period - Shot Blocked by Nino Niederreiter.
16:17 of 2nd period - Minor Penalty to Brayden McNabb for Holding.
16:18 of 2nd period - Derek Ryan wins face-off versus Mikko Koivu in LAS VEGAS LIZARD KINGS zone.
16:47 of 2nd period - Shot by Dustin Brown.
16:47 of 2nd period - Shot Misses the Net.
16:49 of 2nd period - Shot by Oliver Bjorkstrand.
16:49 of 2nd period - Stopped by Marc-Andre Fleury without a rebound.
16:50 of 2nd period - Evgeni Malkin wins face-off versus Derek Ryan in LAS VEGAS LIZARD KINGS zone.
17:21 of 2nd period - Shot by Evgeni Malkin.
17:21 of 2nd period - Deflect By Zach Parise.
17:21 of 2nd period - Stopped by Marc-Andre Fleury with a rebound.
17:23 of 2nd period - Shot by Brady Skjei.
17:23 of 2nd period - Shot Blocked by Nick Jensen.
17:23 of 2nd period - Nick Jensen from LAS VEGAS LIZARD KINGS is injured at 17:23 of 2nd period (Sprained Right Knee).
17:24 of 2nd period - Barclay Goodrow wins face-off versus Mikko Koivu in LAS VEGAS LIZARD KINGS zone.
17:33 of 2nd period - Brent Burns is hit by Mikko Koivu and loses puck.
17:40 of 2nd period - Shot by Dustin Brown.
17:40 of 2nd period - Shot Blocked by Brent Burns.
17:42 of 2nd period - Shot by Dustin Brown.
17:42 of 2nd period - Shot Misses the Net.
17:44 of 2nd period - Shot by Jared Spurgeon.
17:44 of 2nd period - Shot Blocked by Alex Petrovic.
17:46 of 2nd period - Shot by Jared Spurgeon.
17:46 of 2nd period - Shot Misses the Net.
Goals for this period are 1 for LAS VEGAS LIZARD KINGS vs 0 for SAN JOSE BRONCOS.
Shots for this period are 5 for LAS VEGAS LIZARD KINGS vs 9 for SAN JOSE BRONCOS.

3rd period


0:01 of 3rd period - Derek Ryan wins face-off versus Mikko Koivu in neutral zone.
0:04 of 3rd period - Zach Parise is hit by Barclay Goodrow and loses puck.
1:05 of 3rd period - Shot by Ryan Nugent-Hopkins.
1:05 of 3rd period - Deflect By Joel Armia.
1:05 of 3rd period - Stopped by Jacob Markstrom without a rebound.
1:06 of 3rd period - Evgeni Malkin wins face-off versus Sean Monahan in SAN JOSE BRONCOS zone.
1:11 of 3rd period - Shot by Sean Monahan.
1:11 of 3rd period - Stopped by Jacob Markstrom with a rebound.
1:53 of 3rd period - Shot by Alexander Radulov.
1:53 of 3rd period - Deflect By Dustin Brown.
1:53 of 3rd period - Stopped by Marc-Andre Fleury with a rebound.
2:19 of 3rd period - Shot by Brent Burns.
2:19 of 3rd period - Stopped by Jacob Markstrom without a rebound.
2:20 of 3rd period - Nick Bonino wins face-off versus Derek Ryan in SAN JOSE BRONCOS zone.
2:32 of 3rd period - Icing by Brayden McNabb.
2:33 of 3rd period - Mikko Koivu wins face-off versus Mike Ferland in LAS VEGAS LIZARD KINGS zone.
2:38 of 3rd period - Shot by Zach Parise.
2:38 of 3rd period - Shot Misses the Net.
2:51 of 3rd period - Barclay Goodrow is hit by Adam Pelech and loses puck.
3:20 of 3rd period - Ryan Nugent-Hopkins is hit by Adam Pelech and loses puck.
3:25 of 3rd period - Shot by Ryan Nugent-Hopkins.
3:25 of 3rd period - Shot Misses the Net.
3:49 of 3rd period - Shot by Ryan Nugent-Hopkins.
3:49 of 3rd period - Stopped by Jacob Markstrom without a rebound.
3:50 of 3rd period - Evgeni Malkin wins face-off versus Sean Monahan in SAN JOSE BRONCOS zone.
4:13 of 3rd period - Shot by Dustin Brown.
4:13 of 3rd period - Stopped by Marc-Andre Fleury without a rebound.
4:14 of 3rd period - Derek Ryan wins face-off versus Cody Eakin in LAS VEGAS LIZARD KINGS zone.
4:25 of 3rd period - Icing by Jared Spurgeon.
4:26 of 3rd period - Cody Eakin wins face-off versus Ryan Nugent-Hopkins in SAN JOSE BRONCOS zone.
4:26 of 3rd period - Cody Eakin is hit by Bobby Ryan.
6:51 of 3rd period - Shot by Bobby Ryan.
6:51 of 3rd period - Shot Blocked by Neal Pionk.
7:06 of 3rd period - Minor Penalty to Dustin Brown for Hooking.
7:07 of 3rd period - Derek Ryan wins face-off versus Nick Bonino in SAN JOSE BRONCOS zone.
7:25 of 3rd period - Icing by Derek Ryan.
7:26 of 3rd period - Derek Ryan wins face-off versus Nick Bonino in LAS VEGAS LIZARD KINGS zone.
7:33 of 3rd period - Shot by Brent Burns.
7:33 of 3rd period - Stopped by Jacob Markstrom without a rebound.
7:34 of 3rd period - Nick Bonino wins face-off versus Sean Monahan in SAN JOSE BRONCOS zone.
7:51 of 3rd period - Shot by Johnny Gaudreau.
7:51 of 3rd period - Shot Misses the Net.
7:59 of 3rd period - Shot by Nino Niederreiter.
7:59 of 3rd period - Stopped by Jacob Markstrom without a rebound.
8:00 of 3rd period - Mikko Koivu wins face-off versus Derek Ryan in SAN JOSE BRONCOS zone.
8:09 of 3rd period - Shot by Colton Sissons.
8:09 of 3rd period - Deflect By Mikko Koivu.
8:09 of 3rd period - Shot Misses the Net.
8:15 of 3rd period - Shot by Ryan Nugent-Hopkins.
8:15 of 3rd period - Shot Misses the Net.
8:33 of 3rd period - Shot by Mike Ferland.
8:33 of 3rd period - Stopped by Jacob Markstrom without a rebound.
8:34 of 3rd period - Sean Monahan wins face-off versus Nick Bonino in SAN JOSE BRONCOS zone.
9:13 of 3rd period - Icing by Evgeni Malkin.
9:14 of 3rd period - Mike Ferland wins face-off versus Evgeni Malkin in SAN JOSE BRONCOS zone.
9:32 of 3rd period - Off-side.
9:33 of 3rd period - Ryan Nugent-Hopkins wins face-off versus Oliver Bjorkstrand in neutral zone.
10:16 of 3rd period - Shot by Oliver Bjorkstrand.
10:16 of 3rd period - Shot Misses the Net.
10:52 of 3rd period - Shot by Mike Ferland.
10:52 of 3rd period - Shot Misses the Net.
10:54 of 3rd period - Shot by Derek Ryan.
10:54 of 3rd period - Stopped by Jacob Markstrom without a rebound.
10:55 of 3rd period - Nick Bonino wins face-off versus Sean Monahan in SAN JOSE BRONCOS zone.
11:02 of 3rd period - Shot by Colton Sissons.
11:02 of 3rd period - Shot Misses the Net.
11:10 of 3rd period - Shot by Colton Sissons.
11:10 of 3rd period - Stopped by Marc-Andre Fleury without a rebound.
11:11 of 3rd period - Evgeni Malkin wins face-off versus Derek Ryan in LAS VEGAS LIZARD KINGS zone.
11:55 of 3rd period - Icing by Brady Skjei.
11:56 of 3rd period - Evgeni Malkin wins face-off versus Sean Monahan in SAN JOSE BRONCOS zone.
11:56 of 3rd period - Alexander Radulov is hit by Nino Niederreiter and loses puck.
12:09 of 3rd period - Shot by Dustin Brown.
12:09 of 3rd period - Shot Misses the Net.
13:40 of 3rd period - Icing by Mike Ferland.
13:41 of 3rd period - Evgeni Malkin wins face-off versus Derek Ryan in LAS VEGAS LIZARD KINGS zone.
14:25 of 3rd period - Icing by Matt Niskanen.
14:26 of 3rd period - Derek Ryan wins face-off versus Nick Bonino in LAS VEGAS LIZARD KINGS zone.
14:58 of 3rd period - Icing by Brent Burns.
14:59 of 3rd period - Cody Eakin wins face-off versus Derek Ryan in LAS VEGAS LIZARD KINGS zone.
15:30 of 3rd period - Shot by Jared Spurgeon.
15:30 of 3rd period - Deflect By Cody Eakin.
15:30 of 3rd period - Shot Blocked by Brent Burns.
15:37 of 3rd period - Icing by Derek Ryan.
15:38 of 3rd period - Mikko Koivu wins face-off versus Derek Ryan in LAS VEGAS LIZARD KINGS zone.
15:56 of 3rd period - Shot by Zach Parise.
15:56 of 3rd period - Stopped by Marc-Andre Fleury with a rebound.
15:58 of 3rd period - Shot by Zach Parise.
15:58 of 3rd period - Shot Misses the Net.
16:00 of 3rd period - Shot by Zach Parise.
16:00 of 3rd period - Stopped by Marc-Andre Fleury without a rebound.
16:01 of 3rd period - Evgeni Malkin wins face-off versus Sean Monahan in LAS VEGAS LIZARD KINGS zone.
16:08 of 3rd period - Shot by Alexander Radulov.
16:08 of 3rd period - Shot Misses the Net.
16:23 of 3rd period - Johnny Gaudreau is hit by Adam Pelech.
17:32 of 3rd period - Off-side.
17:33 of 3rd period - Ryan Nugent-Hopkins wins face-off versus Nick Bonino in neutral zone.
17:48 of 3rd period - Jared Spurgeon is hit by Joel Armia and loses puck.
17:52 of 3rd period - Jaccob Slavin is hit by Brayden McNabb and loses puck.
18:02 of 3rd period - Colton Sissons is hit by Brayden McNabb and loses puck.
18:48 of 3rd period - Shot by Sean Monahan.
18:48 of 3rd period - Stopped by Jacob Markstrom without a rebound.
18:49 of 3rd period - Mikko Koivu wins face-off versus Sean Monahan in SAN JOSE BRONCOS zone.
19:33 of 3rd period - Neal Pionk is hit by Mike Ferland and loses puck.
19:49 of 3rd period - Shot by Derek Ryan.
19:49 of 3rd period - Stopped by Jacob Markstrom with a rebound.
Goals for this period are 0 for LAS VEGAS LIZARD KINGS vs 0 for SAN JOSE BRONCOS.
Shots for this period are 10 for LAS VEGAS LIZARD KINGS vs 5 for SAN JOSE BRONCOS.


AUSTON
MATTHEWS
JOEL
ERIKSSON
MATHEW
BARZAL

EAST COAST

HOCKEY LEAGUE

  • 21.PIT7MAN3
  • 22.ATL3NHW4
  • 23.WOR5PET4
  • 24.3RHI4
  • 25.QUECHI
  • 26.CHALIM
  • 27.TRVLON
  • 28.CHWBAL